 Dungeon Crawl Stone Soup version 0.29.1-1-gd02db6906a (webtiles) character file.

Game seed: 15358932488827436068

18 Descartes the Scratcher (level 2, 0/12 HPs)
             Began as a Felid Transmuter on Oct 9, 2022.
             Slain by a kobold
             ... wielding a +0 whip
              (4 damage)
             ... on level 1 of the Dungeon.
             The game lasted 00:00:46 (518 turns).

Descartes the Scratcher (Felid Transmuter)           Turns: 518, Time: 00:00:47

Health: 0/12       AC:  1    Str:  6    XL:     2   Next: 51%
Magic:  5/6        EV: 17    Int: 14    God:
Gold:   0          SH:  0    Dex: 16    Spells: 4/5 levels left
                                        Lives:  0   Deaths: 0

rFire   . . .      SeeInvis +     - Unarmed
rCold   . . .      Faith    .   (shield unavailable)
rNeg    . . .      Spirit   .   (body armour unavailable)
rPois   .          Reflect  .   (helmet unavailable)
rElec   .          Harm     .   (cloak unavailable)
rCorr   .          Rampage  .   (gloves unavailable)
Will    .....                   (boots unavailable)
Stlth   ++........              (no amulet)
HPRegen 0.04/turn               (no ring)
MPRegen 0.10/turn               (no ring)

@: appendages, quick
A: horns 2, very small, claws 1, fangs 3, see invisible, speed 1, shaggy fur 1,
stealthy paws, no weapons or thrown items, no armour, multi-lived
a: End Transformation


You were on level 1 of the Dungeon.
You had temporarily grown beastly horns.
You visited 1 branch of the dungeon, and saw 1 of its levels.

Inventory:

Scrolls
 b - a scroll of magic mapping {unknown}
 c - a scroll of enchant armour {unknown}
 d - 3 scrolls of teleportation {unknown}
Potions
 a - a potion of lignification


   Skills:
 + Level 1.1 Fighting
 + Level 2.8 Dodging
 * Level 1.2 Stealth
 * Level 3.2 Unarmed Combat
 + Level 2.1 Spellcasting
 + Level 0.7 Translocations
 + Level 2.3 Transmutations
 + Level 0.4 Evocations


You had 4 spell levels left.
You knew the following spells:

 Your Spells              Type           Power      Damage    Failure   Level
a - Beastly Appendage     Tmut           16%        N/A       9%          1

Your spell library contained the following spells:

 Spells                   Type           Power      Damage    Failure   Level
 Wereblood                Tmut           8%         N/A       14%         2
 Spider Form              Tmut/Pois      4%         N/A       41%         3
 Ice Form                 Ice/Tmut       4%         N/A       82%         4


Dungeon Overview and Level Annotations

Branches:
Dungeon (1/15)

Altars:

Shops:
D:1 !


Innate Abilities, Weirdness & Mutations

You have temporarily grown beastly horns.
You have sharp claws.
You have razor-sharp teeth.
You have supernaturally acute eyesight. (SInv)
You cover ground quickly. (Speed+)
You are covered in fur. (AC +1)
Your paws help you pounce on unaware monsters.
You are incapable of wielding weapons or throwing items.
You cannot wear armour.
You gain extra lives every three experience levels.


Message History

The gnoll shouts!
You see here 3 scrolls labelled ATTUBBE JYROY.
You closely miss the gnoll. The gnoll hits you with a +0 club.
You scratch the gnoll.
The gnoll is moderately wounded.
The gnoll closely misses you.
You scratch the gnoll.
The gnoll is heavily wounded.
You closely miss the gnoll. Your headbutt misses the gnoll.
The gnoll is heavily wounded.
Your transformation is almost over.
The gnoll hits you with a +0 club.
Ouch! That really hurt!
* * * LOW HITPOINT WARNING * * *
You scratch the gnoll but do no damage.
The gnoll is heavily wounded.
The gnoll closely misses you.
You scratch the gnoll. You headbutt the gnoll.
You kill the gnoll!
Your Stealth skill increases to level 1!
Your horns disappear.
d - 3 scrolls labelled ATTUBBE JYROY You see here 5 stones.
A kobold comes into view. It is wielding a +0 whip.
A kobold is nearby!
Casting: Beastly Appendage (safe; 9% risk of failure)
Confirm with . or Enter, or press ? or * to list all spells.
You grow a pair of large bovine horns.
The kobold shouts!
Found 17 gold pieces.
You barely miss the kobold. The kobold hits you with a +0 whip.
You closely miss the kobold. The kobold hits you with a +0 whip.
You are too injured to fight recklessly!
You barely miss the kobold. You bite the kobold.
The kobold is severely wounded.
The kobold completely misses you.
You closely miss the kobold. Your headbutt misses the kobold.
The kobold is severely wounded.
The kobold hits you with a +0 whip.
You die...

##.#.#†...# ###
+....<. ##.##...##
#......
####.##...######
#..⌠...
#∩...#...##....# .
#......
#.####...#.....# $.
#...... #.#
#....#.....##...
#####+#
#.###..............
#.##...........#
#..#........@K.#
#..#_..........#
##.#....(#######
###....## ##...#
#...## ##...# #...#
#)...#


You could see a kobold.

Vanquished Creatures
  A gnoll (D:1)
  A ball python (D:1)
  A giant cockroach (D:1)
  2 jackals (D:1)
  A quokka (D:1)
  A bat (D:1)
  A rat (D:1)
8 creatures vanquished.

Notes
Turn   | Place    | Note
-------+----------+-------------------------------------------
     0 | D:1      | Descartes the Felid Transmuter began the quest for the Orb.
     0 | D:1      | Reached XP level 1. HP: 9/9 MP: 4/4
   196 | D:1      | Found Ciofa's Distillery.
   220 | D:1      | Found a faded altar of an unknown god.
   232 | D:1      | Reached XP level 2. HP: 12/12 MP: 6/6
   251 | D:1      | Reached skill level 1 in Stealth
   518 | D:1      | Slain by a kobold

Illustrated notes

Levels and vault maps discovered:
D:1:      mushboom_english_gardens, layout_loops_cross, serial_shops, shop,
          shop, hellmonk_ecumenical_altar_zigzags

Skill      XL: |  1  2 |
---------------+-------+-----
Stealth        | 1 |  1.2
Fighting       | |  1.1
Dodging        | |  2.8
Unarmed Combat | |  3.2
Spellcasting   | |  2.1
Translocations | |  0.7
Transmutations | |  2.3
Evocations     | |  0.4

Action                   || total
-------------------------++-------
Melee: Unarmed           ||    28
       Bite              ||     3
       Headbutt          ||     1
 Cast: Beastly Appendage ||     6
Armor: Skin              ||     1
Dodge: Dodged            ||    20
